Map: Disco Bloodbath LE

Players

Mez - Winner!

  • Race: Terran Terran
  • League: Master
  • Spawn Location: 3:00

Onigami

  • Race: Terran Terran
  • League: Master
  • Spawn Location: 9:00

VOD

Have the link to the VOD?

Description

Time

  • Played on: Aug. 21, 2019, 2:32 p.m.
  • Length: 10:29
Show
View Real Time Build Order
Export as new Build Order

Mez Terran - Winner!

Build Orders: Liberator Opening 

Get SALT Encoding   

  12  0:00  SCV  
  13  0:13  SCV  
  14  0:17  Supply Depot  
  14  0:25  SCV  
  15  0:30  Refinery  
  15  0:39  SCV  
  16  0:45  Barracks  
  16  0:51  SCV  
  17  0:57  Refinery  
  17  1:03  SCV  
  18  1:15  SCV  
  19  1:33  Orbital Command, Reaper  
  19  1:37  Factory  
  19  1:59  SCV  
  20  2:05  Reaper  
  20  2:06  Supply Depot  
  21  2:11  SCV  
  22  2:26  Factory Tech Lab  
  22  2:29  SCV  
  23  2:30  Starport  
  23  2:33  Supply Depot  
  23  2:41  Barracks Reactor  
  23  2:48  Siege Tank  
  23  2:50  SCV  
  27  2:52  Liberator  
  27  2:56  Supply Depot  
  27  3:06  SCV  
  31  3:18  SCV  
  32  3:23  Marine  
  32  3:24  Marine  
  34  3:32  Siege Tank  
  38  3:38  Supply Depot  
  37  3:41  Marine x2  
  39  3:52  Viking  
  41  4:00  Command Center  
  41  4:04  Marine x2  
  43  4:11  Siege Tank  
  46  4:21  Supply Depot  
  48  4:30  Viking  
  48  4:31  Marine x2  
  44  4:53  Marine x2  
  44  4:54  Siege Tank  
  46  5:02  Viking  
  46  5:06  SCV  
  49  5:18  SCV  
  50  5:24  Orbital Command  
  47  5:30  SCV  
  48  5:42  Marine x2  
  45  5:53  Siege Tank, Viking  
  41  6:00  Marine x2  
  43  6:06  SCV  
  43  6:08  Command Center  
  42  6:18  Marine  
  43  6:22  SCV  
  43  6:23  SCV  
  43  6:25  Barracks x2  
  45  6:30  Siege Tank  
  48  6:35  Starport Reactor  
  48  6:37  SCV x2  
  50  6:40  Refinery  
  50  6:49  SCV x2  
  50  6:53  Marine x2  
  54  7:01  SCV x2  
  56  7:13  SCV x2  
  58  7:20  Marine x2  
  58  7:21  Siege Tank, Medivac x2  
  68  7:23  Orbital Command  
  68  7:25  SCV x2  
  68  7:28  Barracks Reactor, Refinery, Barracks Tech Lab  
  67  7:42  SCV  
  67  7:43  Marine, SCV  
  67  7:44  Marine  
  71  7:55  Marine, SCV x2  
  71  7:57  Siege Tank  
  71  7:58  Stimpack, Orbital Command  
  77  8:01  Marine  
  77  8:03  Medivac  
  77  8:04  Marine x2  
  77  8:05  Marine  
  83  8:07  SCV  
  83  8:08  Supply Depot  
  83  8:09  Supply Depot  
  83  8:11  Engineering Bay  
  84  8:13  Engineering Bay  
  84  8:19  Marine x2  
  86  8:20  Medivac  
  86  8:22  Marine, SCV x2  
  91  8:30  SCV  
  91  8:33  Marine x2  
  95  8:34  SCV x2  
  95  8:37  Marine, Supply Depot  
  96  8:43  SCV, Medivac  
  99  8:50  Medivac  
  99  8:55  Marine x5  
  104  8:57  Siege Tank  
  104  8:58  SCV x2  
  104  9:00  SCV  
  111  9:10  SCV  
  111  9:12  SCV x2  
  111  9:15  Medivac  
  116  9:21  Marine  
  117  9:44  Supply Depot  
  117  9:46  Supply Depot  
  117  9:49  Supply Depot  
  117  9:51  Supply Depot  
  117  9:53  Barracks  
  117  9:55  Barracks  
  117  10:04  Marine x5, SCV x3  
  128  10:12  Command Center  
Show
View Real Time Build Order
Export as new Build Order

Onigami Terran 

Build Orders: Gas First Reaper Expand, Liberator Opening 

Get SALT Encoding   

  12  0:01  SCV  
  13  0:13  SCV  
  14  0:17  Supply Depot  
  14  0:25  SCV  
  15  0:31  Refinery  
  15  0:39  SCV  
  16  0:44  Barracks  
  16  0:51  SCV  
  17  1:05  SCV  
  18  1:17  SCV  
  19  1:31  Orbital Command  
  19  1:32  Reaper  
  20  1:46  Command Center  
  20  1:57  SCV  
  21  2:05  Factory  
  21  2:07  Barracks Reactor  
  21  2:13  SCV  
  22  2:16  Supply Depot  
  22  2:20  Refinery  
  22  2:26  SCV  
  23  2:39  SCV  
  24  2:52  SCV  
  24  2:53  Starport  
  24  2:55  Barracks Tech Lab  
  24  2:56  Hellion x2  
  29  3:00  Orbital Command  
  29  3:04  SCV  
  30  3:16  SCV  
  31  3:26  Hellion x2  
  35  3:27  SCV  
  36  3:35  SCV  
  36  3:41  Marauder  
  39  3:42  Concussive Shells  
  39  3:43  Medivac  
  39  3:48  Hellion x2  
  45  3:49  SCV  
  45  3:53  Supply Depot  
  46  3:59  Liberator  
  46  4:06  Marauder  
  46  4:07  SCV  
  53  4:10  Hellion x2  
  56  4:17  Supply Depot  
  56  4:19  SCV  
  56  4:21  Supply Depot  
  41  4:55  Marine x2  
  41  4:56  SCV  
  33  5:05  SCV, Viking  
  33  5:06  Siege Tank  
  39  5:08  SCV  
  39  5:13  Marine x2  
  42  5:30  SCV x2  
  42  5:31  Marine x2  
  46  5:38  Siege Tank  
  42  5:49  Marine x2  
  32  5:58  SCV x2  
  32  6:00  Viking  
  36  6:06  Marine x2  
  36  6:10  SCV  
  39  6:14  SCV  
  39  6:16  Command Center  
  40  6:22  SCV  
  41  6:26  SCV  
  41  6:29  Marine x2  
  44  6:34  SCV  
  44  6:38  SCV  
  46  6:46  SCV  
  47  6:51  SCV  
  47  6:52  Factory Tech Lab  
  48  6:54  Barracks  
  48  6:55  Barracks  
  48  6:56  Refinery  
  48  6:57  Marine  
  48  6:58  Stimpack  
  48  7:01  SCV  
  50  7:03  SCV  
  50  7:04  Refinery  
  51  7:13  SCV  
  51  7:14  Viking  
  54  7:17  SCV  
  55  7:26  SCV  
  55  7:28  Refinery  
  56  7:38  Orbital Command  
  56  7:39  SCV  
  57  7:46  Siege Tank  
  57  7:49  Marine  
  57  7:51  Viking  
  63  7:58  SCV x2  
  65  8:02  Supply Depot x2  
  65  8:04  Barracks Reactor  
  65  8:06  Barracks Reactor  
  65  8:07  Marine, SCV  
  65  8:10  SCV x2  
  69  8:19  SCV  
  70  8:22  SCV  
  70  8:26  SCV  
  72  8:28  Marine  
  72  8:31  SCV  
  75  8:34  SCV  
  75  8:38  Siege Tank, SCV  
  79  8:41  Marine x2  
  79  8:42  Marine x2, Orbital Command  
  79  8:44  Medivac x2  
  79  8:46  Marine  
  88  8:51  Barracks x2, SCV x2  
  90  9:03  SCV  
  90  9:07  SCV x2  
  93  9:10  Siege Tank  
  93  9:12  Marine x2  
  93  9:13  Marine x3  
  93  9:15  SCV  
  102  9:22  SCV x2  
  104  9:27  SCV  
  104  9:28  Engineering Bay x2  
  104  9:30  Marine  
  106  9:34  SCV x2  
  108  9:39  SCV  
  109  9:58  Supply Depot  
  109  9:59  Supply Depot x2  
  109  10:01  SCV  
  109  10:02  SCV x2  
  116  10:07  Marine  
  116  10:12  Barracks Reactor x2  
  117  10:15  Supply Depot x2  
  117  10:18  Command Center  
Tags
 
Add a new tag
Caveats
  • Supply blocks, unpowered buildings, or Contaminate may cause inaccurate times.
  • Supply counts are checked every 10 seconds.